 Dungeon Crawl Stone Soup version 0.14.2 (webtiles) character file.

3766 Kairos the Chopper (level 10, -3/51 HPs)
             Began as a Vine Stalker Fighter on June 1, 2018.
             Was an Initiate of Okawaru.
             Killed by divine providence
             ... invoked by an orc priest
              (10 damage)
             ... on Level 8 of the Dungeon.
             The game lasted 00:16:48 (5683 turns).

Kairos the Chopper (Vine Stalker Fighter)           Turns: 5683, Time: 00:16:48

HP  -3/51        AC 13     Str 22      XL: 10   Next:  0%
MP   0/13        EV  6     Int 11      God: Okawaru [......]
Gold 481         SH 21     Dex 14      Spells:  0 memorised,  9 levels left

rFire  . . .     SeeInvis .     J - +3,+1 war axe (freeze) (curse)
rCold  . . .     Clarity  .     r - +0 chain mail
rNeg   . . .     Conserve +     c - +0 shield
rPois  .         rCorr    .     k - +2 helmet {Int+3}
rElec  .         rRot     +     (no cloak)
SustAb . .       Spirit   +     (no gloves)
rMut   .         Warding  .     (no boots)
Saprov . . .     Rnd*Tele +     l - amulet of conservation
MR     +....                    (no ring)
                                f - ring of wizardry

@: somewhat resistant to hostile enchantments, extremely unstealthy
A: fangs 3, regeneration 2, teleportitis 1, wild magic 1, magic shield,
antimagic bite, no device heal
a: Renounce Religion


You were on level 8 of the Dungeon.
You worshipped Okawaru.
Okawaru was noncommittal.
You were very hungry.

You visited 2 branches of the dungeon, and saw 9 of its levels.
You also visited: Sewer.

You collected 481 gold pieces.

Inventory:

Hand weapons
 a - a +1,+0 war axe
 y - a +0,+0 morningstar
 J - a cursed +3,+1 war axe of freezing (weapon)
Armour
 b - a +0 scale mail
 c - a +0 shield (worn)
 g - a troll hide {Purgy}
 k - a +2 helmet of intelligence (worn)
 r - a +0 chain mail (worn)
 H - the +0 robe of Sereul {Dam+5 Stlth-}
   (You found it on level 6 of the Dungeon)

   It affects your damage with ranged weapons and melee attacks (+5).
   It makes you much less stealthy.
Magical devices
 L - a wand of disintegration (21) {unknown}
Comestibles
 d - 6 bread rations
 v - 2 meat rations
 w - a lychee
 E - 2 apples
 I - 14 sultanas
Scrolls
 i - 5 scrolls of teleportation
 q - 4 scrolls of identify
 s - 2 scrolls of recharging
 t - a scroll of enchant weapon I
 u - a scroll of fog
 z - a scroll of enchant weapon II {unknown}
 B - a scroll of blinking
 F - a scroll of immolation {unknown}
 G - a scroll of vulnerability {unknown}
 N - a scroll of remove curse
Jewellery
 f - a ring of wizardry (left hand)
 l - an amulet of conservation (around neck)
 x - an uncursed ring of regeneration {unknown}
 K - an uncursed ring of magical power {unknown}
Potions
 e - a potion of might
 h - 3 potions of haste {unknown}
 j - 3 potions of magic {unknown}
 m - 3 potions of invisibility {unknown}
 o - 4 potions of curing {unknown}
 p - 3 potions of flight {unknown}
 C - a potion of restore abilities {unknown}
 D - a potion of berserk rage {unknown}
Books
 n - a book of Battle

   Spells                             Type                      Level
   Infusion                           Charms                       1
   Shroud of Golubria                 Charms/Translocation         2
   Song of Slaying                    Charms                       2
   Spectral Weapon                    Hexes/Charms                 3
   Regeneration                       Charms/Necromancy            3
 M - a book of Control

   Spells                             Type                      Level
   Control Teleport                   Charms/Translocation         4
   Control Undead                     Necromancy                   4
   Enslavement                        Hexes                        4
   Metabolic Englaciation             Hexes/Ice                    5
   Mass Confusion                     Hexes                        6
Magical staves
 A - an uncursed staff of fire {unknown}


   Skills:
 + Level 5.3 Fighting
 + Level 6.2 Axes
 + Level 5.9 Armour
 + Level 5.1 Dodging
 + Level 2.2 Stealth
 + Level 5.9 Shields


You had 9 spell levels left.
You didn't know any spells.

Dungeon Overview and Level Annotations

Branches:
Dungeon (8/15)             Temple (1/1) D:7
   Lair: D:8-11

Altars:
Ashenzari
Cheibriados
Dithmenos
Elyvilon
Fedhas
Makhleb
Okawaru
Vehumet
Xom
Yredelemnul
Zin
The Shining One


Innate Abilities, Weirdness & Mutations

You are immune to rotting.
You have razor-sharp teeth.
You heal very quickly.
When hurt, damage is shared between your health and your magic reserves.
Your bite disrupts and absorbs the magic of your enemies.
Potions and wands cannot restore your HP.
Space occasionally distorts in your vicinity.
Your spells are a little harder to cast, but a little more powerful.


Message History

Okay, then.
The giant frog hits you.
* * * LOW HITPOINT WARNING * * *
The orc wizard mumbles some strange words.
The orc wizard seems to speed up.
You hit the giant frog.
The giant frog seems to slow down.
You freeze the giant frog.
The giant frog is moderately wounded.
Your shield and chain mail prevent you from hitting something.
You barely miss the orc wizard.
The orc wizard is heavily wounded.
The giant frog is no longer moving slowly.
The orc wizard points at you and mumbles some strange words.
The puff of frost hits you! The giant frog closely misses you.
You block its attack.
The orc wizard hits you but does no damage.
You block the giant frog's attack.
The orc priest calls down the wrath of Beogh upon you.
Something smites you!
You die...

#... #... #..# .
#..# .. ..### ..
#...# .#
#.###.#o#..#
#.....F.oho#
.....##@#o##.# .
#.#... #.####.#
#.####.# #......#
######....#
#.........#
..####...)....##.
..........)........


You could see a warg, a giant frog, 2 orc priests and an orc.

Vanquished Creatures
  Grinder (D:5)
  A troll (D:7)
  A hippogriff (D:6)
  A steam dragon (D:8)
  2 wargs (D:8)
  A necrophage (D:7)
  2 sky beasts (D:6)
  Purgy (Sewer)
  A phantom (D:7)
  A centaur (D:5)
  5 ogres
  The ghost of Kairos the Skirmisher, an average VSFi (D:3)
  A gnoll sergeant (D:7)
  A giant frog (D:8)
  A water moccasin skeleton (D:4)
  A scorpion (D:4)
  A crimson imp (D:7)
  A goliath beetle (D:6)
  8 orc priests
  4 wights (D:7)
  A big fish (Sewer)
  A hound (D:4)
  6 orc wizards
  3 worker ants
  An iguana (D:6)
  A big kobold zombie (D:5)
  A mummy (D:6)
  10 adders
  7 gnolls (D:7)
  4 giant mites
  2 worms
  An adder skeleton (D:5)
  An iguana skeleton (D:7)
  20 orcs
  3 ball pythons
  6 giant cockroaches
  5 goblins
  13 hobgoblins
  11 jackals
  9 bats
  A giant cockroach zombie (D:6)
  4 giant geckos
  A giant gecko skeleton (D:4)
  10 giant newts
  5 kobolds
  2 quokkas (D:3)
  14 rats
179 creatures vanquished.

Notes
Turn   | Place    | Note
--------------------------------------------------------------
     0 | D:1      | Kairos, the Vine Stalker Fighter, began the quest for the Orb.
     0 | D:1      | Reached XP level 1. HP: 11/11 MP: 1/1
   117 | D:1      | Reached XP level 2. HP: 16/16 MP: 3/3
   235 | D:1      | Reached skill level 3 in Fighting
   520 | D:1      | Reached XP level 3. HP: 18/20 MP: 4/4
  1450 | D:3      | Found a glowing drain.
  1461 | D:3      | Reached XP level 4. HP: 21/24 MP: 5/5
  1668 | Sewer    | Entered a sewer
  1691 | Sewer    | Reached XP level 5. HP: 18/28 MP: 7/7
  1885 | Sewer    | Noticed Purgy
  1899 | Sewer    | HP: 1/28 [Purgy (3)]
  1904 | Sewer    | Killed Purgy
  1904 | Sewer    | Reached skill level 1 in Dodging
  2150 | Sewer    | Gained mutation: You heal very quickly. [vine stalker growth]
  2150 | Sewer    | Reached XP level 6. HP: 29/32 MP: 6/8
  2506 | D:3      | Noticed Kairos' ghost (average VSFi)
  2548 | D:3      | Killed Kairos' ghost
  2796 | D:4      | Reached skill level 4 in Armour
  2796 | D:4      | Reached XP level 7. HP: 36/36 MP: 9/9
  2830 | D:4      | Reached skill level 1 in Stealth
  3024 | D:5      | Entered Level 5 of the Dungeon
  3069 | D:5      | Noticed Grinder
  3082 | D:5      | Killed Grinder
  3082 | D:5      | Gained mutation: You have razor-sharp teeth. [vine stalker growth]
  3082 | D:5      | Reached XP level 8. HP: 30/42 MP: 11/11
  3888 | D:6      | Got a tattered robe
  3916 | D:6      | Identified the +0 robe of Sereul {Dam+5 Stlth-} (You found it on level 6 of the Dungeon)
  3941 | D:6      | Reached skill level 5 in Shields
  4047 | D:6      | Reached skill level 5 in Axes
  4047 | D:6      | Reached skill level 5 in Armour
  4131 | D:6      | Reached XP level 9. HP: 46/46 MP: 12/12
  4181 | D:6      | Gained mutation: Your spells are a little harder to cast, but a little more powerful. [mutagenic meat]
  4182 | D:6      | Gained mutation: Space occasionally distorts in your vicinity. [mutagenic meat]
  4279 | D:6      | Found a shimmering altar of Xom.
  4386 | D:6      | Found a blossoming altar of Fedhas.
  4705 | D:7      | Reached skill level 5 in Fighting
  4969 | D:7      | Reached skill level 6 in Axes
  5255 | D:7      | Found a glowing silver altar of Zin.
  5255 | D:7      | Found a white marble altar of Elyvilon.
  5255 | D:7      | Found a glowing golden altar of the Shining One.
  5310 | D:7      | Found a staircase to the Ecumenical Temple.
  5317 | Temple   | Entered the Ecumenical Temple
  5373 | Temple   | Became a worshipper of Warmaster Okawaru
  5671 | D:8      | Reached skill level 5 in Dodging
  5677 | D:8      | Reached XP level 10. HP: 16/51 MP: 9/13
  5683 | D:8      | Killed from afar by an orc priest

Action                   |  1- 3 |  4- 6 |  7- 9 | 10-12 || total
-------------------------+-------+-------+-------+-------++-------
Melee: War axe           |    74 |       |   261 |     4 ||   339
       Hand axe          |    23 |   120 |    29 |       ||   172
  Use: Scroll            |     3 |     4 |     2 |       ||     9
       Potion            |       |     1 |     1 |       ||     2
